 Dungeon Crawl Stone Soup version 0.27-a0-1189-gb8eb6ce (webtiles) character file.

Game seed: 14353319528942143372

11 GeorgeSoros the Sneak (level 2, 0/28 HPs)
             Began as a Naga Delver on May 22, 2021.
             Slain by a kobold
             ... wielding a +0 club
              (3 damage)
             ... on level 4 of the Dungeon.
             The game lasted 00:03:27 (446 turns).

GeorgeSoros the Sneak (Naga Delver)                  Turns: 446, Time: 00:03:27

Health: 0/28       AC:  2    Str: 14    XL:     2   Next: 29%
Magic:  2/2        EV:  9    Int: 10    God:
Gold:   20         SH:  0    Dex: 12    Spells: 1/1 levels left

rFire    . . .     SeeInvis +   a - +0 spear
rCold    . . .     Faith    .   (no shield)
rNeg     . . .     Spirit   .   b - +0 leather armour
rPois    +         Reflect  .   (no helmet)
rElec    .         Harm     .   (no cloak)
rCorr    .         Rampage  .   (no gloves)
Will     .....                  (no barding)
Stlth    +++.......             (no amulet)
HPRegen  0.09/turn              (no ring)
MPRegen  0.08/turn              (no ring)

@: short of breath, very slow
A: AC +0, large, see invisible, deformed body, poison resistance, slowness 2,
spit poison 1, naga tail 1
a: Spit Poison


You were on level 4 of the Dungeon.
You visited 1 branch of the dungeon, and saw 2 of its levels.

You collected 20 gold pieces.

Inventory:

Hand Weapons
 a - a +0 spear (weapon)
 h - a +0 flail
Armour
 b - a +0 leather armour (worn)
Wands
 g - a wand of digging (3)
Scrolls
 c - a scroll of fog
 d - a scroll of magic mapping
 e - a scroll of fear
 i - a scroll of enchant weapon {unknown}
Potions
 f - a potion of haste


   Skills:
 + Level 3.2 Fighting
 - Level 2.0 Polearms
 - Level 1.5 Dodging
 + Level 7.5 Stealth
 + Level 0.9 Evocations


You had one spell level left.
You didn't know any spells.
Your spell library was empty.

Dungeon Overview and Level Annotations

Branches:
Dungeon (5/15)
 Temple: D:4-7

Altars:
Nemelex Xobeh
Yredelemnul

Annotations:
D:4 exclusion: 3 doors, Sigmund


Innate Abilities, Weirdness & Mutations

Your serpentine skin is tough. (AC +0)
You have supernaturally acute eyesight. (SInv)
Armour fits poorly on your strangely shaped body.
Your system is resistant to poisons. (rPois)
You cover ground very slowly.
You can spit poison.
You have a snake-like lower body.


Message History

You kill the kobold!
You have got your breath back.
You now have 20 gold pieces (gained 6).
A kobold comes into view. It is wielding a +0 club.
The kobold shouts!
A hound comes into view.
Found a sedimented blue potion.
Press: ? - help, Shift-Dir - straight line, f - kobold
Aim: a kobold, wielding a +0 club The splash of poison misses the kobold.
You barely miss the kobold. The kobold hits you but does no damage.
The hound barks!
You hit the kobold but do no damage. The kobold closely misses you.
You hit the kobold but do no damage. The kobold hits you but does no damage.
You closely miss the kobold. The kobold hits you but does no damage.
You can't do that yet.
You barely miss the hound. The hound bites you.
The kobold hits you but does no damage.
You closely miss the hound.
You have got your breath back.
The hound bites you. The kobold hits you with a +0 club. The hound bites you.
Press: ? - help, Shift-Dir - straight line, f - hound, p - kobold
Aim: a hound The splash of poison hits the hound but does no damage.
The hound is poisoned.
The hound bites you but does no damage. The kobold barely misses you.
The hound bites you. The kobold hits you with a +0 club. The hound bites you.
* * * LOW HITPOINT WARNING * * *
The hound completely misses you.
You hit the hound.
The hound is moderately wounded.
The kobold closely misses you. The hound bites you.
* * * LOW HITPOINT WARNING * * *
You hit the hound.
The hound is severely wounded.
The hound bites you.
* * * LOW HITPOINT WARNING * * *
The kobold hits you with a +0 club.
You die...

#.....# #.....#
#.....# #######
#.....#
###.....#####.....#
..................#
..................#
..................#
.........@........#
........Kh........#
..................#
....$.............+
..................#
..................#
#.....#...........
##...###.........
#.....#.........


You could see a hound (poisoned) and a kobold.

Vanquished Creatures
  2 ball pythons (D:4)
  3 endoplasms (D:4)
  A goblin (D:4)
  2 hobgoblins (D:4)
  A kobold (D:4)
9 creatures vanquished.

Notes
Turn   | Place    | Note
-------+----------+-------------------------------------------
     0 | D:5      | GeorgeSoros the Naga Delver began the quest for the Orb.
     0 | D:5      | Reached XP level 1. HP: 21/21 MP: 1/1
   152 | D:4      | Noticed Sigmund
   221 | D:4      | Found a basalt altar of Yredelemnul.
   221 | D:4      | Found a sparkling altar of Nemelex Xobeh.
   280 | D:4      | Reached XP level 2. HP: 23/28 MP: 2/2
   446 | D:4      | Slain by a kobold

Illustrated notes

Levels and vault maps discovered:
D:4:      layout_gridville, kennysheep_mini_moat,
          gammafunk_temple_overflow_wave, minmay_strange_pillars,
          minmay_misc_feat_iff, uniq_sigmund
D:5:      layout_loops_cross, minmay_temple_entry_statues_fountains,
          serial_shops, nicolae_shop_trees, st_stairs_9, uniq_grinder,
          uniq_edmund

Action                   || total
-------------------------++-------
Melee: Spear             ||    24
 Abil: Spit Poison       ||    11
Armor: Leather armour    ||     5
Dodge: Dodged            ||     5

Table legend: (Time is in decaauts)
 A = Elapsed time spent in this place.
 B = Non-inter-level travel time spent in this place.
 C = Inter-level travel time spent in this place.
 D = Time resting spent in this place.
 E = Time spent auto-exploring this place.
 F = Levels seen in this place.
 G = Mean time per level.
                   A        B        C        D        E       F      G
               +--------+--------+--------+--------+--------+-----+--------+
         Total |    553 |    553 |      0 |     59 |    241 |   2 |  276.5 |
       Dungeon |    553 |    553 |      0 |     59 |    241 |   2 |  276.5 |
               +--------+--------+--------+--------+--------+-----+--------+

Top non-repeatable levels by time:
     D:4: 547 daAuts
     D:5: 6 daAuts
